 Dungeon Crawl Stone Soup version 0.22-a0-305-gd21a89c (webtiles) character file.

14 Amnesiac the Ducker (level 2, -1/14 HPs)
             Began as a Spriggan Gladiator on Mar 29, 2018.
             Slain by a worm (2 damage)
             ... on level 2 of the Dungeon.
             The game lasted 00:01:06 (603 turns).

Amnesiac the Ducker (Spriggan Gladiator)             Turns: 603, Time: 00:01:07

Health: -1/14      AC:  2    Str: 10    XL:     2   Next: 31%
Magic:  3/3        EV: 20    Int:  9    God:
Gold:   4          SH:  0    Dex: 17    Spells: 1/1 levels left

rFire    . . .     SeeInvis +   a - +0 rapier
rCold    . . .     Gourm    .   (shield restricted)
rNeg     . . .     Faith    .   b - +0 robe
rPois    .         Spirit   .   c - +0 hat
rElec    .         Reflect  .   (no cloak)
rCorr    .         Harm     .   (gloves unavailable)
MR       .....                  (boots unavailable)
Stlth    ++........             (no amulet)
HPRegen  0.04/turn              (no ring)
MPRegen  0.08/turn              (no ring)

@: very quick
A: very small, unfitting armour, see invisible, herbivore, speed 3, slow
metabolism 2
a: no special abilities


You were on level 2 of the Dungeon.
You were not hungry.

You visited 1 branch of the dungeon, and saw 2 of its levels.

You collected 4 gold pieces.

Inventory:

Hand Weapons
 a - a +0 rapier (weapon)
Missiles
 d - 3 throwing nets (quivered)
 i - 30 sling bullets
Armour
 b - a +0 robe (worn)
 c - a +0 hat (worn)
Potions
 e - 2 potions of heal wounds {!q, unknown}
 g - a potion of might {!q, unknown}
 h - 2 potions of flight {!q, unknown}
Comestibles
 f - a ration


   Skills:
 - Level 1.5 Fighting
 * Level 3.8 Short Blades
 + Level 2.2 Throwing
 - Level 4.4 Dodging
 + Level 1.4 Stealth


You had one spell level left.
You didn't know any spells.

Dungeon Overview and Level Annotations

Branches:
Dungeon (2/15)

Altars:
Ashenzari


Innate Abilities, Weirdness & Mutations

You are very small and have problems with some larger weapons.
You are too small for most types of armour.
You have supernaturally acute eyesight. (SInv)
You are a herbivore.
You cover ground extremely quickly.
You need to consume almost no food.


Message History

The ball python is moderately wounded.
The ball python bites you but does no damage.
The ball python constricts you.
You hit the ball python.
You kill the ball python!
You have reached level 2!
You closely miss the leopard gecko. The leopard gecko misses you.
You hit the leopard gecko.
The leopard gecko is heavily wounded.
The leopard gecko barely misses you. The leopard gecko closely misses you.
You hit the leopard gecko but do no damage.
The leopard gecko is heavily wounded.
The leopard gecko closely misses you.
You hit the leopard gecko but do no damage.
The leopard gecko is heavily wounded.
The leopard gecko bites you.
You hit the leopard gecko.
You kill the leopard gecko!
You start resting.
A leopard gecko comes into view.
The leopard gecko hisses angrily.
You barely miss the leopard gecko. The leopard gecko misses you.
You puncture the leopard gecko!
You kill the leopard gecko!
You see here a leopard gecko corpse.
You start resting.
A worm comes into view.
A worm is nearby!
Found a ring mail.
Found a fuming white potion.
Found a shattered altar of Ashenzari.
h - 2 fuming white potions {!q} (gained 1)
Found a clear potion.
Found an escape hatch in the floor.
Found 12 arrows.
A goblin comes into view. It is wielding a dagger.
You see here a clear potion {!q}.
e - 2 clear potions {!q} (gained 1)
A worm comes into view.
The helpless goblin fails to defend itself.
You puncture the goblin!
You kill the goblin!
Things that are here:
a dagger; a goblin corpse The helpless worm fails to defend itself.
You puncture the worm!
The worm is heavily wounded.
The worm barely misses you.
You hit the worm.
The worm is severely wounded.
You hit the worm.
The worm is severely wounded.
The worm closely misses you.
You completely miss the worm.
The worm is severely wounded.
The worm bites you!
Ouch! That really hurt!
* * * LOW HITPOINT WARNING * * *
You hit the worm but do no damage.
The worm is severely wounded.
You hit the worm.
The worm is almost dead.
The worm bites you.
You die...

.................####....†.......
.......########### #............
.......# ######............
.......# #......†..........
.......# #.............####
.......# #.............# #
.......#################.....# ##
.......#.........w..# .......# #.
.......#........@...# ##.....# #.
......##............# ##....# #.
##.#####............# #....# ##
#...# #.....)......#
#.#.####............#
#.._...>............#
###.#...............#
#..........##+#..... #..........#
..##.


You could see a worm.

Vanquished Creatures
  2 leopard geckos (D:2)
  A ball python (D:2)
  A hobgoblin (D:1)
  A quokka (D:2)
  4 goblins
  A kobold (D:1)
  A rat (D:1)
11 creatures vanquished.

Notes
Turn   | Place    | Note
-------+----------+-------------------------------------------
     0 | D:1      | Amnesiac the Spriggan Gladiator began the quest for the Orb.
     0 | D:1      | Reached XP level 1. HP: 10/10 MP: 2/2
   282 | D:2      | Reached skill level 1 in Stealth
   495 | D:2      | Reached XP level 2. HP: 14/14 MP: 3/3
   570 | D:2      | Found a shattered altar of Ashenzari.
   603 | D:2      | Slain by a worm

Vault maps used:
D:1:      arrival_zaba_pyramid, corexii_hall_statues_i
D:2:      lemuel_crystal_altar, grunt_gozag_statues

Skill      XL: |  1 |
---------------+----+-----
Stealth        | 1 |  1.4
Fighting       | |  1.5
Short Blades   | |  3.8
Throwing       | |  2.2
Dodging        | |  4.4

Action                   || total
-------------------------++-------
Melee: Rapier            ||    44
 Stab: Sleeping          ||     4
Armor: Robe              ||     3
Dodge: Dodged            ||    30

Table legend:
 A = Spawn XP
 B = Non-spawn XP
 C = Spawn XP percentage of total XP
 D = Spawn monster count
 E = Non-spawn monster count
 F = Spawn count percentage of total count
 G = Total turns spent on level
                    A         B        C        D         E        F      G
               +---------+---------+-------+---------+---------+-------+---------
         Total |       0 |      21 |   0.0 |       0 |      11 |   0.0 |   603
               +---------+---------+-------+---------+---------+-------+---------
           D:1 |       0 |       7 |   0.0 |       0 |       5 |   0.0 |   281
           D:2 |       0 |      14 |   0.0 |       0 |       6 |   0.0 |   322
               +---------+---------+-------+---------+---------+-------+---------
